[Event "17th Memorial Lezcano Montalvo 2025"]
[Site "Gran Canaria"]
[Date "2025.04.16"]
[Round "5.43"]
[White "Martinez Correa, Rafael"]
[Black "Hernandez Guerra, Luna Yue"]
[Result "1/2-1/2"]
[Annotator "NA RC"]
[ECO "B10"]
[WhiteElo "1719"]
[BlackElo "1897"]
[PlyCount "120"]
[EventDate "2025.04.13"]
[EventType "swiss"]
[EventCountry "ESP"]
[SourceTitle "playchess.com"]
[Source "ChessBase"]
[SourceQuality "1"]
[TimeControl "5400+30"]

1. e4 c6 2. Nf3 d5 3. exd5 cxd5 4. Ne5 a6 5. d4 Nc6 6. c3 Nxe5 7. dxe5 Bf5 8. Bd3 Bxd3 9. Qxd3 e6 10. O-O Qc7 11. Re1 Ne7 12. Nd2 Nf5 13. Nf3 Rc8 14. Be3 Be7 15. a4 O-O 16. a5 Qc4 17. Qd1 Qb5 18. Qd2 Rc4 19. Nd4 Nxd4 20. Bxd4 Qb3 21. g3 Rfc8 22. Kg2 h6 23. h4 Bc5 24. Bxc5 R4xc5 25. Ra3 Qb5 26. Qe2 Rc4 27. Rd1 Qc5 28. Qf3 Rc7 29. Re1 Qb5 30. Re2 Re4 31. Rxe4 dxe4 32. Qxe4 Qxb2 33. Qb4 Qe2 34. Qf4 Rc4 35. Qf3 Qb2 36. Qd3 Rc8 37. Qd7 Rxc3 38. Rxc3 Qxc3 39. Qe8+ Kh7 40. Qxf7 Qxe5 41. h5 Qf5 42. Qe8 e5 43. Qe7 Qxh5 44. Qxb7 Qe2 45. Qc8 Qe4+ 46. Kg1 Qd3 47. Qe6 Qb5 48. Qf5+ Kg8 49. Qe6+ Kf8 50. Qc8+ Ke7 51. Qc7+ Ke6 52. Qxg7 Qxa5 53. Qg6+ Kd5 54. Qd3+ Kc5 55. Qe3+ Kc4 56. Qxh6 Qe1+ 57. Kg2 Qe4+ 58. Kh2 Kb5 59. Qh8 Kc5 60. Qf8+ Kb6 1/2-1/2

[Event "17th Memorial Lezcano Montalvo 2025"]
[Site "Gran Canaria"]
[Date "2025.04.16"]
[Round "5.44"]
[White "Fernandez Hernandez, Javier"]
[Black "Lascar, Radoslawa"]
[Result "0-1"]
[Annotator "NA RC"]
[ECO "A16"]
[WhiteElo "1689"]
[BlackElo "1897"]
[PlyCount "56"]
[EventDate "2025.04.13"]
[EventType "swiss"]
[EventCountry "ESP"]
[SourceTitle "playchess.com"]
[Source "ChessBase"]
[SourceQuality "1"]
[TimeControl "5400+30"]

1. c4 Nf6 2. Nc3 g6 3. b3 Bg7 4. Bb2 O-O 5. h4 d5 6. Nxd5 Nxd5 7. Bxg7 Kxg7 8. cxd5 Qxd5 9. h5 Nc6 10. Rc1 e5 11. hxg6 hxg6 12. Rc4 Be6 13. Rch4 Rh8 14. e4 Qa5 15. f4 Rxh4 16. Rxh4 exf4 17. Nf3 f6 18. Rxf4 g5 19. Nxg5 Qxg5 20. Rf2 Nd4 21. Qc1 c5 22. b4 Rc8 23. b5 c4 24. Qc3 Qe5 25. a4 Qxe4+ 26. Be2 Qe5 27. g4 Rh8 28. d3 Nf3+ 0-1

[Event "17th Memorial Lezcano Montalvo 2025"]
[Site "Gran Canaria"]
[Date "2025.04.16"]
[Round "5.45"]
[White "Garcia Rodriguez, Adriana"]
[Black "Peraza Concepcion, Airam"]
[Result "1-0"]
[Annotator "NA RC"]
[ECO "C45"]
[WhiteElo "1893"]
[BlackElo "1712"]
[PlyCount "89"]
[EventDate "2025.04.13"]
[EventType "swiss"]
[EventCountry "ESP"]
[SourceTitle "playchess.com"]
[Source "ChessBase"]
[SourceQuality "1"]
[TimeControl "5400+30"]

1. e4 e5 2. Nf3 Nc6 3. d4 exd4 4. Nxd4 Bc5 5. Nb3 Bb4+ 6. c3 Be7 7. Bf4 d6 8. Be2 Nf6 9. N1d2 Be6 10. Nd4 Nxd4 11. cxd4 O-O 12. O-O Re8 13. Bd3 h6 14. Bb1 Bf8 15. h4 g6 16. Bh2 Ng4 17. Bg3 Nf6 18. f4 Bg4 19. Qb3 Nh5 20. a3 b6 21. Kh2 Be2 22. Rf2 Bg4 23. e5 d5 24. f5 gxf5 25. Bxf5 Bxf5 26. Rxf5 Ng7 27. Rf2 Nh5 28. Raf1 Re7 29. Rf5 Ng7 30. R5f2 Nh5 31. Rf5 Ng7 32. R5f4 h5 33. Qf3 Qd7 34. Qf2 Rc8 35. Nf3 Ne6 36. Rf5 Ng7 37. Rg5 Kh8 38. Nd2 Qe6 39. Qf6 Kg8 40. Rff5 c5 41. Nf3 c4 42. Be1 a5 43. Rg3 Kh7 44. Ng5+ Kh8 45. Nxe6 1-0

[Event "17th Memorial Lezcano Montalvo 2025"]
[Site "Gran Canaria"]
[Date "2025.04.16"]
[Round "5.46"]
[White "Fernandez De La Hoz A., Carlos"]
[Black "Gonzalez Perdomo, Sergio"]
[Result "1/2-1/2"]
[Annotator "NA RC"]
[ECO "B59"]
[WhiteElo "1687"]
[BlackElo "1880"]
[PlyCount "88"]
[EventDate "2025.04.13"]
[EventType "swiss"]
[EventCountry "ESP"]
[SourceTitle "playchess.com"]
[Source "ChessBase"]
[SourceQuality "1"]
[TimeControl "5400+30"]

1. e4 c5 2. Nf3 Nc6 3. d4 cxd4 4. Nxd4 d6 5. Nc3 Nf6 6. Be2 e5 7. Nb3 Be7 8. Be3 Be6 9. O-O O-O 10. Qc1 a5 11. Rd1 Ng4 12. Bxg4 Bxg4 13. f3 Be6 14. Nd5 Bxd5 15. exd5 Nb8 16. Nd2 Nd7 17. Ne4 h6 18. c4 f5 19. Nc3 Rc8 20. Nb5 Nc5 21. Qc2 Qb6 22. Kh1 Bg5 23. Bg1 Qd8 24. a3 a4 25. Bxc5 Rxc5 26. Qxa4 Bf4 27. g3 Be3 28. Qc2 Qf6 29. b3 h5 30. Qe2 Qh6 31. Nxd6 Bd4 32. Nxb7 Rc7 33. Na5 Bxa1 34. Rxa1 Qd6 35. Nc6 f4 36. Qe4 fxg3 37. hxg3 h4 38. g4 Rf4 39. Qxe5 Rxc6 40. Qe8+ Rf8 41. Qxc6 Qg3 42. d6 Qh3+ 43. Kg1 Qg3+ 44. Kh1 Qh3+ 1/2-1/2

[Event "17th Memorial Lezcano Montalvo 2025"]
[Site "Gran Canaria"]
[Date "2025.04.16"]
[Round "5.47"]
[White "Posso Cangrejo, Sergio David"]
[Black "Morell Rojas, Samuel"]
[Result "1/2-1/2"]
[Annotator "NA RC"]
[ECO "B15"]
[WhiteElo "1878"]
[BlackElo "1652"]
[PlyCount "112"]
[EventDate "2025.04.13"]
[EventType "swiss"]
[EventCountry "ESP"]
[SourceTitle "playchess.com"]
[Source "ChessBase"]
[SourceQuality "1"]
[TimeControl "5400+30"]

1. e4 c6 2. d4 d5 3. Nc3 dxe4 4. Nxe4 Nf6 5. Nxf6+ exf6 6. c3 Bd6 7. Bd3 O-O 8. Qc2 Re8+ 9. Ne2 h5 10. O-O h4 11. Bd2 h3 12. Ng3 Qc7 13. Rfe1 Rxe1+ 14. Rxe1 Nd7 15. Re8+ Nf8 16. Bh7+ Kh8 17. Qe4 g5 18. f4 f5 19. Bxf5 Bxf5 20. Nxf5 Rxe8 21. Qxe8 hxg2 22. Kxg2 Kg8 23. fxg5 Bxh2 24. g6 fxg6 25. Nh6+ Kg7 26. Qe3 Ne6 27. Ng4 Bf4 28. Qxe6 Bxd2 29. Ne5 g5 30. Qg6+ Kf8 31. Qf6+ Kg8 32. Ng6 Qg7 33. Qe6+ Qf7 34. Qe4 Kg7 35. Ne7 Kf8 36. Nf5 Qd5 37. Qxd5 cxd5 38. Nd6 Bc1 39. b3 Bb2 40. c4 dxc4 41. bxc4 Bxd4 42. Nxb7 Ke7 43. Na5 Kd6 44. Nb3 Bf6 45. Kf3 Ke5 46. a4 Kf5 47. Na5 g4+ 48. Kg2 Bc3 49. Nc6 a5 50. Ne7+ Ke6 51. Nd5 Bd4 52. Kg3 Kf5 53. Ne7+ Ke6 54. Nc6 Bb6 55. Kxg4 Kd6 56. Nxa5 Bxa5 1/2-1/2

[Event "17th Memorial Lezcano Montalvo 2025"]
[Site "Gran Canaria"]
[Date "2025.04.16"]
[Round "5.48"]
[White "Quintero Hernandez, Marcos Jesus"]
[Black "Roca Marrero, Fernando"]
[Result "1-0"]
[Annotator "NA RC"]
[ECO "A24"]
[WhiteElo "1874"]
[BlackElo "1617"]
[PlyCount "64"]
[EventDate "2025.04.13"]
[EventType "swiss"]
[EventCountry "ESP"]
[SourceTitle "playchess.com"]
[Source "ChessBase"]
[SourceQuality "1"]
[TimeControl "5400+30"]

1. c4 g6 2. g3 Bg7 3. Bg2 d6 4. Nc3 Nf6 5. e4 e5 6. Nge2 O-O 7. O-O Be6 8. d3 Nh5 9. Be3 c5 10. Qd2 f5 11. f4 Na6 12. exf5 Bxf5 13. Bxb7 Bh3 14. Rf2 exf4 15. Nxf4 Nxf4 16. Rxf4 Rxf4 17. Bxf4 Bd4+ 18. Be3 Qe7 19. Bd5+ Kh8 20. Bxd4+ cxd4 21. Bxa8 dxc3 22. Qxc3+ Qe5 23. Qxe5+ dxe5 24. Be4 Nc7 25. b4 Ne6 26. c5 Nd4 27. Kf2 Bd7 28. Rc1 a5 29. c6 Bc8 30. bxa5 Kg7 31. c7 Ne6 32. a6 Ng5 1-0

[Event "17th Memorial Lezcano Montalvo 2025"]
[Site "Gran Canaria"]
[Date "2025.04.16"]
[Round "5.49"]
[White "Alonso Perez, Alfredo"]
[Black "Delgado Armas, Francisco David"]
[Result "1-0"]
[Annotator "NA RC"]
[ECO "E17"]
[WhiteElo "1853"]
[BlackElo "1608"]
[PlyCount "87"]
[EventDate "2025.04.13"]
[EventType "swiss"]
[EventCountry "ESP"]
[SourceTitle "playchess.com"]
[Source "ChessBase"]
[SourceQuality "1"]
[TimeControl "5400+30"]

1. d4 d5 2. c4 e6 3. Nf3 Nf6 4. g3 b6 5. Bg2 Bb7 6. O-O Nbd7 7. Nbd2 c5 8. e3 Be7 9. b3 O-O 10. Bb2 Re8 11. Qc2 Rc8 12. dxc5 Bxc5 13. Qb1 Qe7 14. a3 a5 15. Qa2 Bc6 16. Nd4 Ba8 17. Nb5 e5 18. Rad1 e4 19. cxd5 Bxd5 20. Nc3 Bc6 21. Nc4 Nf8 22. Rd2 Rcd8 23. Rfd1 Rxd2 24. Rxd2 Ne6 25. h4 g5 26. Ne5 Bb7 27. h5 Rd8 28. Rxd8+ Nxd8 29. Na4 Nxh5 30. Nxc5 bxc5 31. Bc3 Bd5 32. Qd2 Bxb3 33. Bxe4 a4 34. Ng4 f6 35. Bf3 Kg7 36. e4 Be6 37. Qxg5+ Kf8 38. Qxh5 c4 39. Bb4 Qxb4 40. axb4 Nc6 41. Qh6+ Ke8 42. Nxf6+ Ke7 43. Qg7+ Kd6 44. Ne8# 1-0

[Event "17th Memorial Lezcano Montalvo 2025"]
[Site "Gran Canaria"]
[Date "2025.04.16"]
[Round "5.50"]
[White "Macias Reyes, Jose Luis"]
[Black "Bangiev, Katharina"]
[Result "1-0"]
[Annotator "NA RC"]
[ECO "D02"]
[WhiteElo "1674"]
[BlackElo "1848"]
[PlyCount "109"]
[EventDate "2025.04.13"]
[EventType "swiss"]
[EventCountry "ESP"]
[SourceTitle "playchess.com"]
[Source "ChessBase"]
[SourceQuality "1"]
[TimeControl "5400+30"]

1. d4 Nf6 2. Bf4 g6 3. e3 Bg7 4. Nf3 O-O 5. Be2 d5 6. h3 c5 7. Nbd2 Nc6 8. c3 c4 9. b3 b5 10. a4 b4 11. cxb4 c3 12. Nb1 Ne4 13. Qc1 Nxb4 14. Nxc3 Bxh3 15. Rxh3 Rc8 16. Qb2 Rxc3 17. Rc1 Rxc1+ 18. Qxc1 Qa5 19. Kf1 Na2 20. Qb2 Rc8 21. g4 Nb4 22. Ne1 Na2 23. Nd3 Nac3 24. f3 Nxe2 25. Qxe2 Nd2+ 26. Kg1 Qc3 27. Kg2 Nxb3 28. Rh1 Qc2 29. Qxc2 Rxc2+ 30. Kg3 Rd2 31. Ne5 Ra2 32. Rb1 Ra3 33. Nd7 h6 34. Nc5 Nxc5 35. dxc5 Rc3 36. Bb8 Rxc5 37. Bxa7 Ra5 38. Rb8+ Bf8 39. Bd4 f6 40. Rb5 Rxa4 41. Rxd5 e5 42. Bb6 Ra3 43. Rd8 Kf7 44. Rxf8+ Kxf8 45. Bc5+ Kf7 46. Bxa3 Ke6 47. Bf8 Kf7 48. Bxh6 Kg8 49. g5 f5 50. Kf2 Kf7 51. e4 f4 52. Ke2 Kg8 53. Kd3 Kf7 54. Kc4 Ke6 55. Kc5 1-0

[Event "17th Memorial Lezcano Montalvo 2025"]
[Site "Gran Canaria"]
[Date "2025.04.16"]
[Round "5.51"]
[White "Castro Miguelez, Jose"]
[Black "Trocoli Romero, Luis Dingyu"]
[Result "1-0"]
[Annotator "NA RC"]
[ECO "B11"]
[WhiteElo "1846"]
[BlackElo "1599"]
[PlyCount "113"]
[EventDate "2025.04.13"]
[EventType "swiss"]
[EventCountry "ESP"]
[SourceTitle "playchess.com"]
[Source "ChessBase"]
[SourceQuality "1"]
[TimeControl "5400+30"]

1. e4 c6 2. Nf3 d5 3. Nc3 Bg4 4. h3 dxe4 5. Nxe4 Bf5 6. Ng3 Bg6 7. h4 h6 8. Ne5 Qd6 9. d4 Nd7 10. Nxg6 Qxg6 11. Bf4 Nb6 12. Be5 e6 13. Bd3 f5 14. Qf3 Ne7 15. c4 Qg4 16. Qxg4 fxg4 17. h5 Nd7 18. Rh4 O-O-O 19. O-O-O c5 20. Be4 Nc6 21. Bxc6 bxc6 22. Rxg4 Rg8 23. Ne4 Be7 24. Bd6 Bf6 25. Bxc5 Nxc5 26. Nxc5 Rge8 27. Re4 Rd6 28. f4 Re7 29. Kc2 Kc7 30. b4 Kb6 31. g3 a5 32. Nb3 Kc7 33. Nxa5 Rd8 34. Nb3 Ra8 35. Ra1 Rd8 36. a4 Red7 37. Rd1 Ra8 38. Nc5 Re7 39. Rde1 Rae8 40. Rxe6 Rxe6 41. Rxe6 Rxe6 42. Nxe6+ Kd6 43. f5 Kd7 44. c5 Kc8 45. Kd3 Kb7 46. Kc4 Kc8 47. b5 cxb5+ 48. axb5 g5 49. hxg6 h5 50. g7 Bxg7 51. Nxg7 h4 52. gxh4 Kc7 53. f6 Kd7 54. b6 Kd8 55. c6 Kc8 56. Ne6 Kb8 57. f7 1-0

[Event "17th Memorial Lezcano Montalvo 2025"]
[Site "Gran Canaria"]
[Date "2025.04.16"]
[Round "5.52"]
[White "Pace, Gabriele"]
[Black "Godoy Mendoza, Rosa Maria"]
[Result "1-0"]
[Annotator "NA RC"]
[ECO "D10"]
[WhiteElo "1895"]
[BlackElo "1440"]
[PlyCount "79"]
[EventDate "2025.04.13"]
[EventType "swiss"]
[EventCountry "ESP"]
[SourceTitle "playchess.com"]
[Source "ChessBase"]
[SourceQuality "1"]
[TimeControl "5400+30"]

1. d4 d5 2. Bf4 Nf6 3. e3 Bf5 4. c4 c6 5. Nc3 e6 6. Qb3 b6 7. Nf3 Be7 8. Ne5 h6 9. Be2 O-O 10. O-O c5 11. cxd5 exd5 12. Rac1 Nbd7 13. Ba6 Nxe5 14. Bxe5 Bc8 15. Bxc8 Rxc8 16. Bxf6 Bxf6 17. Nxd5 c4 18. Nxf6+ Qxf6 19. Rxc4 Qe6 20. Rfc1 Rcd8 21. Rc7 Qxb3 22. axb3 Ra8 23. g3 b5 24. Rb7 a6 25. Rcc7 Rac8 26. Ra7 Rxc7 27. Rxc7 Rb8 28. b4 Kf8 29. e4 Ra8 30. Rc5 Ke7 31. f4 Rd8 32. d5 f6 33. Kf2 g5 34. Kf3 Rd6 35. e5 fxe5 36. fxe5 Rd7 37. Ke4 Rb7 38. Rc6 Ra7 39. Rxh6 a5 40. Rh7+ 1-0

[Event "17th Memorial Lezcano Montalvo 2025"]
[Site "Gran Canaria"]
[Date "2025.04.16"]
[Round "5.53"]
[White "Cabrera Martel, Isaac"]
[Black "Almeida Cubas, Mirella"]
[Result "0-1"]
[Annotator "NA RC"]
[ECO "A45"]
[WhiteElo "1655"]
[BlackElo "1824"]
[PlyCount "74"]
[EventDate "2025.04.13"]
[EventType "swiss"]
[EventCountry "ESP"]
[SourceTitle "playchess.com"]
[Source "ChessBase"]
[SourceQuality "1"]
[TimeControl "5400+30"]

1. d4 Nf6 2. Nc3 c5 3. dxc5 e6 4. e4 Nc6 5. e5 Nxe5 6. Bf4 Nc6 7. Bd6 Bxd6 8. Qxd6 a6 9. Nf3 Qe7 10. Qxe7+ Kxe7 11. O-O-O Rb8 12. Nd2 b6 13. Nde4 Nxe4 14. Nxe4 f5 15. Nd6 bxc5 16. c3 Ne5 17. Be2 Rb6 18. Nxc8+ Rxc8 19. f4 Nf7 20. c4 Nd6 21. Rhe1 Rcb8 22. b3 a5 23. Bf3 a4 24. Re5 axb3 25. axb3 Rxb3 26. Rxc5 Rc3+ 27. Kd2 Rxc4 28. Rc1 Rxc5 29. Rxc5 Ne4+ 30. Bxe4 fxe4 31. Ke3 d5 32. Rc7+ Kf6 33. g4 Rb3+ 34. Ke2 Rb2+ 35. Ke3 Rxh2 36. Rd7 g5 37. Ra7 Rh3+ 0-1

[Event "17th Memorial Lezcano Montalvo 2025"]
[Site "Gran Canaria"]
[Date "2025.04.16"]
[Round "5.54"]
[White "Sancho Quesada, Juan Pedro"]
[Black "Santos Falcon, Jose"]
[Result "0-1"]
[Annotator "NA RC"]
[ECO "B21"]
[WhiteElo "1503"]
[BlackElo "1689"]
[PlyCount "44"]
[EventDate "2025.04.13"]
[EventType "swiss"]
[EventCountry "ESP"]
[SourceTitle "playchess.com"]
[Source "ChessBase"]
[SourceQuality "1"]
[TimeControl "5400+30"]

1. e4 c5 2. f4 e5 3. d3 exf4 4. Bxf4 d5 5. exd5 Qxd5 6. Nc3 Qe6+ 7. Qe2 Qxe2+ 8. Bxe2 Bd7 9. Bf3 Bc6 10. Bxc6+ Nxc6 11. O-O-O Nf6 12. Nf3 h6 13. Rhe1+ Kd7 14. Ne5+ Nxe5 15. Bxe5 Ng4 16. Bg3 Be7 17. Nd5 Bg5+ 18. Kb1 Rae8 19. Rxe8 Rxe8 20. Rf1 f6 21. c4 Re2 22. h4 Ne3 0-1

[Event "17th Memorial Lezcano Montalvo 2025"]
[Site "Gran Canaria"]
[Date "2025.04.16"]
[Round "5.56"]
[White "Alonso Galvez, Ana Belen"]
[Black "Zhang, Ying Jun Xiong"]
[Result "0-1"]
[Annotator "NA RC"]
[ECO "B01"]
[WhiteElo "1554"]
[BlackElo "2015"]
[PlyCount "114"]
[EventDate "2025.04.13"]
[EventType "swiss"]
[EventCountry "ESP"]
[SourceTitle "playchess.com"]
[Source "ChessBase"]
[SourceQuality "1"]
[TimeControl "5400+30"]

1. e4 d5 2. e5 c5 3. d4 Nc6 4. Nf3 cxd4 5. Bf4 Bg4 6. Nbd2 e6 7. Be2 Bc5 8. Nb3 Bb4+ 9. Nfd2 Bxe2 10. Qxe2 Nge7 11. Qb5 a5 12. Nxd4 Rb8 13. c3 Qd7 14. cxb4 Nxd4 15. Qxd7+ Kxd7 16. O-O Ne2+ 17. Kh1 Nxf4 18. bxa5 Nc6 19. Nb3 Nxe5 20. Rac1 Rbc8 21. Nc5+ Ke7 22. Nxb7 Rxc1 23. Rxc1 Ned3 24. Rc7+ Kf6 25. Rc2 Ne1 26. Rc3 Nfd3 27. Kg1 Ra8 28. a3 Ra7 29. Nc5 Rxa5 30. Nxd3 d4 31. Rb3 Nxd3 32. Rxd3 Ke5 33. f3 Ra4 34. b4 Kd5 35. Kf2 f5 36. g3 e5 37. Ke2 e4 38. fxe4+ fxe4 39. Rb3 Kc4 40. Rb1 Rxa3 41. b5 Re3+ 42. Kd2 Rf3 43. Ke1 e3 44. b6 Rf8 45. b7 Rb8 46. Ke2 h6 47. Rc1+ Kd5 48. Rc7 g5 49. Kd3 h5 50. h4 gxh4 51. gxh4 Ke5 52. Rh7 Kf4 53. Kxd4 Rd8+ 54. Kc3 e2 55. Re7 Kf3 56. Kb4 Kf2 57. Ka5 e1=Q+ 0-1